Workbook
Name ___sub1: #REF!
Name ___sub2: #REF!
Name ___sub3: #REF!
Name _sub1: #REF!
Name _sub2: #REF!
Name _sub3: #REF!
Name a: #REF!
Name AREA: #REF!
Name B: #REF!
Name BDI: #REF!
Name DOLAR: [1]INSUMOS!$G$8
Name ersdcefgbrnghrbgbrgfbgfwbvbfgvwfv: #REF!
Name Excel_BuiltIn_Print_Area_2: #REF!
Name Excel_BuiltIn_Print_Area_2_1: #REF!
Name Excel_BuiltIn_Print_Area_2_1_1: #REF!
Name Excel_BuiltIn_Print_Area_2_1_1_1: #REF!
Name Excel_BuiltIn_Print_Area_4: #REF!
Name leosde: #REF!
Name NCOMPOSICOES: 7
Name NCOTACOES: 15
Name obra: #REF!
Name obra1: #REF!
Name obra2: #REF!
Name obra3: #REF!
Name obra4: #REF!
Name obra5: #REF!
Name P.1: #REF!
Name P.10: #REF!
Name P.11: #REF!
Name P.12: #REF!
Name P.13: #REF!
Name P.14: #REF!
Name P.15: #REF!
Name P.2: #REF!
Name P.3: #REF!
Name P.4: #REF!
Name P.5: #REF!
Name P.6: #REF!
Name P.7: #REF!
Name P.8: #REF!
Name P.9: #REF!
Name Pedreiro_de_acabamento: [1]INSUMOS!$B$11
Name PP1.1: #REF!
Name PP1.10: #REF!
Name PP1.11: #REF!
Name PP1.12: #REF!
Name PP1.13: #REF!
Name PP1.14: #REF!
Name PP1.15: #REF!
Name PP1.2: #REF!
Name PP1.3: #REF!
Name PP1.4: #REF!
Name PP1.5: #REF!
Name PP1.6: #REF!
Name PP1.7: #REF!
Name PP1.8: #REF!
Name PP1.9: #REF!
Name T.1: #REF!
Name T.10: #REF!
Name T.11: #REF!

Sheet Planilha Orcamentária
A2: PLANILHA ORÇAMENTÁRIA DE CUSTOS
A3: PREFEITURA MUNICIPAL DE INHAPIM-MG
A4: OBRA: MURO GABIÃO TABAJARA | E4: DATA: | G4: 46260
A5: LOCAL: DISTRITOR DO TABAJARA - INHAPIM/MG - CEP: 35330-000 | E5: FORMA DE EXECUÇÃO:
A6: REGIÃO/MÊS DE REFERÊNCIA: TABELA SICOR - REGIÃO LESTE - 04/2026 - SEM DESONERAÇÃO / SINAPI 06/2026 - SEM DESONERAÇÃO / SICRO MG 04/2026 | E6: ( ) | F6: DIRETA | G6: ( X ) | H6: INDIRETA
A7: COMPOSIÇÃO/DEMONSTRATIVO DE BDI - EM ANEXO | E7: % ISS MUNICIPAL: | F7: 0.05 | G7: BDI: | H7: =BDI!D28 -> 0.2676
A9: ITEM | B9: CÓDIGO | C9: DESCRIÇÃO | D9: UNIDADE | E9: QUANTIDADE | F9: PREÇO UNITÁRIO S/ BDI | G9: PREÇO UNITÁRIO C/ BDI | H9: PREÇO TOTAL
A10: 1.0 | C10: SERVIÇOS PRELIMINARES | G10: =ROUND(F10+(F10*$H$7),2) -> 0 | H10: =SUM(H11) -> 1518.57
A11: 1.1 | B11: SICOR-ED-28427 | C11: FORNECIMENTO E COLOCAÇÃO DE PLACA DE OBRA EM CHAPA GALVANIZADA #26, ESP. 0,45MM, DIMENSÃO (3X1,5)M, PLOTADA COM ADESIVO VINÍLICO, AFIXADA COM REBITES 4,8X40MM, EM ESTRUTURA METÁLICA DE METALON 20X20MM, ESP. 1,25MM, INCLUSIVE SUPORTE EM EUCALIPTO AUTOCLAVADO PINTADO COM TINTA PVA DUAS (2) DEMÃOS | D11: UND | E11: 1 | F11: 1197.99 | G11: =ROUND(F11+(F11*$H$7),2) -> 1518.57 | H11: =ROUND((E11*G11),2) -> 1518.57
A12: 2.0 | C12: MURO DE CONTENÇÃO - GABIÃO | G12: =ROUND(F12+(F12*$H$7),2) -> 0 | H12: =SUM(H13:H17) -> 194473.91
A13: 2.1 | B13: SINAPI-95429 | C13: TRANSPORTE COM CAMINHÃO BASCULANTE DE 18 M³, EM VIA URBANA EM REVESTIMENTO PRIMÁRIO (UNIDADE: TXKM). AF_07/2020 | D13: TXKM | E13: 15743.17 | F13: 1.55 | G13: =ROUND(F13+(F13*$H$7),2) -> 1.96 | H13: =ROUND((E13*G13),2) -> 30856.61
A14: 2.2 | B14: SINAPI-101230 | C14: ESCAVAÇÃO VERTICAL PARA INFRAESTRUTURA, COM CARGA, DESCARGA E TRANSPORTE DE SOLO DE 1ª CATEGORIA, COM ESCAVADEIRA HIDRÁULICA (CAÇAMBA: 0,8 M³ / 111 HP), FROTA DE 3 CAMINHÕES BASCULANTES DE 14 M³, DMT ATÉ 1 KM E VELOCIDADE MÉDIA14 KM/H. AF_05/2020 | D14: M3 | E14: 81.45 | F14: 12.29 | G14: =ROUND(F14+(F14*$H$7),2) -> 15.58 | H14: =ROUND((E14*G14),2) -> 1268.99
A15: 2.3 | B15: SICOR-ED-49541 | C15: ENROCAMENTO MANUAL COM PEDRA DE MÃO ARRUMADA, INCLUSIVE FORNECIMENTO, EXCLUSIVE REJUNTAMENTO COM ARGAMASSA | D15: M3 | E15: 30.22 | F15: 293.51 | G15: =ROUND(F15+(F15*$H$7),2) -> 372.05 | H15: =ROUND((E15*G15),2) -> 11243.35
A16: 2.4 | B16: SINAPI-92743 | C16: MURO DE GABIÃO, ENCHIMENTO COM PEDRA DE MÃO TIPO RACHÃO, DE GRAVIDADE, COM GAIOLAS DE COMPRIMENTO IGUAL A 2 M, PARA MUROS COM ALTURA MENOR OU IGUAL A 4 M - FORNECIMENTO E EXECUÇÃO. AF_03/2024 | D16: M3 | E16: 167.36 | F16: 704.14 | G16: =ROUND(F16+(F16*$H$7),2) -> 892.57 | H16: =ROUND((E16*G16),2) -> 149380.52
A17: 2.5 | B17: SINAPI-93369 | C17: REATERRO MECANIZADO DE VALA COM ESCAVADEIRA HIDRÁULICA (CAPACIDADE DA CAÇAMBA: 0,8 M³/POTÊNCIA: 111 HP), LARGURA 1,5 A 2,5 M, PROFUNDIDADE 1,5 A 3,0 M, COM SOLO (SEM SUBSTITUIÇÃO) DE 1ª CATEGORIA, COM COMPACTADOR DE SOLOS DE PERCUSSÃO. AF_08/2023 | D17: M3 | E17: 69.45 | F17: 19.59 | G17: =ROUND(F17+(F17*$H$7),2) -> 24.83 | H17: =ROUND((E17*G17),2) -> 1724.44
A19: VALOR TOTAL DA OBRA | H19: =H12+H10 -> 195992.48
A24: ___________________________________________
A25: ='Memória de Cálculo'!C20 -> William Gomes Martins Maia
A26: ='Memória de Cálculo'!C21 -> CREA: 368.600-MG
A30: ___________________________________________
A31: ='Memória de Cálculo'!C25 -> Prefeito Municipal de Inhapim-MG
A32: ='Memória de Cálculo'!C26 -> Sandro Adriano Oliveira Silva
A35: Observações: Os textos destacados na cor vermelho deverão ser preenchidos e revisados de acordo com a aplicabilidade de cada obra, no tocante à: região da Tabela de Referencial de Preços Unitários a ser adotada; percentuais de ISS e dos parâmetros adotados no demonstrativo/composição BDI a ser apresentado pelo(a) Responsável Técnico(a) do Município dos quais deverão estar em conformidade com os critérios vigentes e aplicáveis; quantitativos; preços vigentes da Tabela Referencial de Preços Unitários e demais informações pertinentes aos serviços para execução das obras.

Sheet Memória de Cálculo
A2: MEMÓRIA DE CÁLCULO DE QUANTITATIVOS
A3: PREFEITURA MUNICIPAL DE INHAPIM-MG
A4: OBRA: MURO DE GABIÃO TABAJARA
A5: LOCAL: DISTRITO DO TABAJARA - INHAPIM/MG - CEP: 35330-000 | E5: DATA: | F5: 46260
A7: ITEM | B7: CÓDIGO | C7: DESCRIÇÃO | D7: UNIDADE | E7: QUANTIDADE | F7: FÓRMULA DO CÁLCULO
A8: 1.1 | C8: ='Planilha Orcamentária'!C10 -> SERVIÇOS PRELIMINARES
A9: ='Planilha Orcamentária'!A11 -> 1.1 | B9: ='Planilha Orcamentária'!B11 -> SICOR-ED-28427 | C9: ='Planilha Orcamentária'!C11 -> FORNECIMENTO E COLOCAÇÃO DE PLACA DE OBRA EM CHAPA GALVANIZADA #26, ESP. 0,45MM, DIMENSÃO (3X1,5)M, PLOTADA COM ADESIVO VINÍLICO, AFIXADA COM REBITES 4,8X40MM, EM ESTRUTURA METÁLICA DE METALON 20X20MM, ESP. 1,25MM, INCLUSIVE SUPORTE EM EUCALIPTO AUTOCLAVADO PINTADO COM TINTA PVA DUAS (2) DEMÃOS | D9: ='Planilha Orcamentária'!D11 -> UND | E9: ='Planilha Orcamentária'!E11 -> 1 | F9: 1 UND
A10: 2.0 | C10: ='Planilha Orcamentária'!C12 -> MURO DE CONTENÇÃO - GABIÃO
A11: 2.1 | B11: SINAPI-95429 | C11: TRANSPORTE COM CAMINHÃO BASCULANTE DE 18 M³, EM VIA URBANA EM REVESTIMENTO PRIMÁRIO (UNIDADE: TXKM). AF_07/2020 | D11: TXKM | E11: 15743.17 | F11: Volume de rochas x densidade da pedra de mao solta = peso em toneladas x distancia ate o local = 197,58m³ x 1,6t/m³ = (316,13t x 49,8km) = 15743,17 txkm
A12: ='Planilha Orcamentária'!A14 -> 2.2 | B12: ='Planilha Orcamentária'!B14 -> SINAPI-101230 | C12: ='Planilha Orcamentária'!C14 -> ESCAVAÇÃO VERTICAL PARA INFRAESTRUTURA, COM CARGA, DESCARGA E TRANSPORTE DE SOLO DE 1ª CATEGORIA, COM ESCAVADEIRA HIDRÁULICA (CAÇAMBA: 0,8 M³ / 111 HP), FROTA DE 3 CAMINHÕES BASCULANTES DE 14 M³, DMT ATÉ 1 KM E VELOCIDADE MÉDIA14 KM/H. AF_05/2020 | D12: ='Planilha Orcamentária'!D14 -> M3 | E12: 81.45 | F12: Largura da escavação x altura da escavação x comprimento do muro = (1 x 3 x 27,15) = 81,45m³
A13: ='Planilha Orcamentária'!A15 -> 2.3 | B13: ='Planilha Orcamentária'!B15 -> SICOR-ED-49541 | C13: ='Planilha Orcamentária'!C15 -> ENROCAMENTO MANUAL COM PEDRA DE MÃO ARRUMADA, INCLUSIVE FORNECIMENTO, EXCLUSIVE REJUNTAMENTO COM ARGAMASSA | D13: ='Planilha Orcamentária'!D15 -> M3 | E13: 30.22 | F13: Área hachurada de implantação do gabião x altura do enrocamento = (75,56 x 0,40) = 30,22m³
A14: ='Planilha Orcamentária'!A16 -> 2.4 | B14: ='Planilha Orcamentária'!B16 -> SINAPI-92743 | C14: ='Planilha Orcamentária'!C16 -> MURO DE GABIÃO, ENCHIMENTO COM PEDRA DE MÃO TIPO RACHÃO, DE GRAVIDADE, COM GAIOLAS DE COMPRIMENTO IGUAL A 2 M, PARA MUROS COM ALTURA MENOR OU IGUAL A 4 M - FORNECIMENTO E EXECUÇÃO. AF_03/2024 | D14: ='Planilha Orcamentária'!D16 -> M3 | E14: 167.36 | F14: [(Comprimento x área de seção de cada platô) + (fechamento nas extremidades) -( volume do bueiro de Ø 1000mm x comprimento)] = {[(27,15 x 3) + (25,86 x 2) + (24,55x1)] +(6 x 2 x 1)} - (π x 1²/4 x 3) = 167,36m³
A15: ='Planilha Orcamentária'!A17 -> 2.5 | B15: ='Planilha Orcamentária'!B17 -> SINAPI-93369 | C15: ='Planilha Orcamentária'!C17 -> REATERRO MECANIZADO DE VALA COM ESCAVADEIRA HIDRÁULICA (CAPACIDADE DA CAÇAMBA: 0,8 M³/POTÊNCIA: 111 HP), LARGURA 1,5 A 2,5 M, PROFUNDIDADE 1,5 A 3,0 M, COM SOLO (SEM SUBSTITUIÇÃO) DE 1ª CATEGORIA, COM COMPACTADOR DE SOLOS DE PERCUSSÃO. AF_08/2023 | D15: ='Planilha Orcamentária'!D17 -> M3 | E15: 69.45 | F15: Área de seção do reaterro x (comprimento do muro - volume das duas extremidades fechadas) = 3 x(27,15-4) = 69,45m³
C19: _____________________________________________
C20: William Gomes Martins Maia
C21: CREA: 368.600-MG
C24: _____________________________________________
C25: Prefeito Municipal de Inhapim-MG
C26: Sandro Adriano Oliveira Silva

Sheet Cronograma
A2: CRONOGRAMA FÍSICO-FINANCEIRO
A3: ='Planilha Orcamentária'!A3 -> PREFEITURA MUNICIPAL DE INHAPIM-MG | C3: VALOR DO CONVÊNIO: | D3: =D12 -> 195992.48 | E3: DATA: | K3: ='Memória de Cálculo'!F5 -> 46260 | M3: FOLHA Nº: 01/01
A4: ='Planilha Orcamentária'!A4 -> OBRA: MURO GABIÃO TABAJARA | E4: PREVISÃO DE EXECUÇÃO DAS OBRAS: 3 MESES
A5: ='Planilha Orcamentária'!A5 -> LOCAL: DISTRITOR DO TABAJARA - INHAPIM/MG - CEP: 35330-000
A6: ITENS | B6: ETAPAS/DESCRIÇÃO | C6: FÍSICO/ FINANCEIRO | D6: TOTAL ETAPAS | E6: MÊS 1 | G6: MÊS 2 | I6: MÊS 3 | K6: MÊS 4 | M6: MÊS 5
A7: ='Planilha Orcamentária'!A10 -> 1.0 | B7: ='Planilha Orcamentária'!C10 -> SERVIÇOS PRELIMINARES | C7: Físico % | D7: =D8/$D$12 -> 0.0077481034 | E7: 1
C8: Financeiro | D8: ='Planilha Orcamentária'!H10 -> 1518.57 | E8: =D8*$E7 -> 1518.57
A9: ='Planilha Orcamentária'!A12 -> 2.0 | B9: ='Planilha Orcamentária'!C12 -> MURO DE CONTENÇÃO - GABIÃO | C9: Físico % | D9: =D10/$D$12 -> 0.9922519 | E9: 0.25 | G9: 0.5 | I9: 0.25
C10: Financeiro | D10: ='Planilha Orcamentária'!H12 -> 194473.91 | E10: =E9*$D$10 -> 48618.478 | G10: =G9*$D$10 -> 97236.955 | I10: =I9*$D$10 -> 48618.478
A11: TOTAL: | C11: Físico % | D11: =D9+D7 -> 1 | E11: =E12/$D$12 -> 0.25581108 | G11: =G12/$D$12 -> 0.49612595 | I11: =I12/$D$12 -> 0.24806297 | M11: =M12/$D$12 -> 0
C12: Financeiro | D12: =SUM(D8,D10) -> 195992.48 | E12: =SUM(E8,E10) -> 50137.048 | G12: =SUM(G8,G10) -> 97236.955 | I12: =SUM(I8,I10) -> 48618.478 | K12: =SUM(K8,K10) -> 0 | M12: =SUM(M8,M10) -> 0 | O12: =E11+G11+I11+K11+M11 -> 1
I13: Observações: | O13: =E12+G12+I12+K12+M12 -> 195992.48
B15: ='Memória de Cálculo'!C20 -> William Gomes Martins Maia
B16: ='Memória de Cálculo'!C21 -> CREA: 368.600-MG
B19: ='Memória de Cálculo'!C25 -> Prefeito Municipal de Inhapim-MG
B20: ='Memória de Cálculo'!C26 -> Sandro Adriano Oliveira Silva

Sheet Memorial Descritivo
A2: MEMORIAL DESCRITIVO
A3: PREFEITURA MUNICIPAL DE INHAPIM-MG
A4: OBRA: MURO DE CONTENÇÃO - GABIÃO - DISTRITO TABAJARA
A5: LOCAL: DISTRITO DO TABAJARA - INHAPIM/MG - CEP: 35330-000 | E5: DATA: | F5: ='Memória de Cálculo'!F5 -> 46260
A6: ,,,
A7: ITEM | B7: CÓDIGO | C7: DESCRIÇÃO | D7: DETALHAMENTO
A8: 1.0 | C8: ='Planilha Orcamentária'!C10 -> SERVIÇOS PRELIMINARES
A9: ='Planilha Orcamentária'!A11 -> 1.1 | B9: ='Planilha Orcamentária'!B11 -> SICOR-ED-28427 | C9: ='Planilha Orcamentária'!C11 -> FORNECIMENTO E COLOCAÇÃO DE PLACA DE OBRA EM CHAPA GALVANIZADA #26, ESP. 0,45MM, DIMENSÃO (3X1,5)M, PLOTADA COM ADESIVO VINÍLICO, AFIXADA COM REBITES 4,8X40MM, EM ESTRUTURA METÁLICA DE METALON 20X20MM, ESP. 1,25MM, INCLUSIVE SUPORTE EM EUCALIPTO AUTOCLAVADO PINTADO COM TINTA PVA DUAS (2) DEMÃOS | D9: Para a execução da placa de obras a empresa ganhadora deverá atender a especificação do manual de placa de obra de acordo com a descrição.
A10: 2.0 | C10: ='Planilha Orcamentária'!C12 -> MURO DE CONTENÇÃO - GABIÃO
A11: 2.1 | B11: SINAPI-95429 | C11: TRANSPORTE COM CAMINHÃO BASCULANTE DE 18 M³, EM VIA URBANA EM REVESTIMENTO PRIMÁRIO (UNIDADE: TXKM). AF_07/2020 | D11: Este ítem compete ao transporte de pedra de mão até o local da obra tendo em vista que o mesmo é distante de qualquer britador ou pedreira. Foi feita uma relação entre o peso dos materiais e e a distância média até a britadeira mais próxima.
A12: ='Planilha Orcamentária'!A14 -> 2.2 | B12: ='Planilha Orcamentária'!B14 -> SINAPI-101230 | C12: ='Planilha Orcamentária'!C14 -> ESCAVAÇÃO VERTICAL PARA INFRAESTRUTURA, COM CARGA, DESCARGA E TRANSPORTE DE SOLO DE 1ª CATEGORIA, COM ESCAVADEIRA HIDRÁULICA (CAÇAMBA: 0,8 M³ / 111 HP), FROTA DE 3 CAMINHÕES BASCULANTES DE 14 M³, DMT ATÉ 1 KM E VELOCIDADE MÉDIA14 KM/H. AF_05/2020 | D12: A escavação mecânica será executada na primeira camada do solo e deverá seguir as cotas determinadas em projeto. Foi considerada a retirada de um volume mínimo de terra para se assentar muro de gabião.
A13: ='Planilha Orcamentária'!A15 -> 2.3 | B13: ='Planilha Orcamentária'!B15 -> SICOR-ED-49541 | C13: ='Planilha Orcamentária'!C15 -> ENROCAMENTO MANUAL COM PEDRA DE MÃO ARRUMADA, INCLUSIVE FORNECIMENTO, EXCLUSIVE REJUNTAMENTO COM ARGAMASSA | D13: Após a locação da obra, a execução do enrocamento deve ser precedido de limpeza do terreno e escavação, onde a geometria projetada requerer a sua regularização. as pedras devem ser colocadas manualmente, alternando-se os seus diâmetros, de modo que se obtenha o apoio das pedras maiores pelas menores, assegurando um conjunto estável, livre de grandes vazios ou engaiolamentos.
A14: ='Planilha Orcamentária'!A16 -> 2.4 | B14: ='Planilha Orcamentária'!B16 -> SINAPI-92743 | C14: ='Planilha Orcamentária'!C16 -> MURO DE GABIÃO, ENCHIMENTO COM PEDRA DE MÃO TIPO RACHÃO, DE GRAVIDADE, COM GAIOLAS DE COMPRIMENTO IGUAL A 2 M, PARA MUROS COM ALTURA MENOR OU IGUAL A 4 M - FORNECIMENTO E EXECUÇÃO. AF_03/2024 | D14: A execução deverá atender os seguintes procedimentos, montagem das gaiolas de gabião; Transporte horizontal das gaiolas de gabião entre o local de montagem e o lugar em que será executado o muro. As gaiolas deverão ser fixadas umas ás outras, visto que, no momento de enchimento deve ser utilizado gabaritos de madeira para evitar a deformação das células, portanto o enchimento das gaiolas deve-se dar de forma intercalada de forma que alivie a tensão da pedras de mão sobre a malha de arame. Enfim simultaneamente realiza-se a aplicação da manta geotêxtil.
A15: ='Planilha Orcamentária'!A17 -> 2.5 | B15: ='Planilha Orcamentária'!B17 -> SINAPI-93369 | C15: ='Planilha Orcamentária'!C17 -> REATERRO MECANIZADO DE VALA COM ESCAVADEIRA HIDRÁULICA (CAPACIDADE DA CAÇAMBA: 0,8 M³/POTÊNCIA: 111 HP), LARGURA 1,5 A 2,5 M, PROFUNDIDADE 1,5 A 3,0 M, COM SOLO (SEM SUBSTITUIÇÃO) DE 1ª CATEGORIA, COM COMPACTADOR DE SOLOS DE PERCUSSÃO. AF_08/2023 | D15: Com próprio solo anteriormente escavado, após a execução do muro de gabião e posicionamento da manta geotêxtil, efetua-se o reaterro seguindo as dimensões especificadas em projeto. O aterro será realizado em camadas de 20 cm que serão umidificadas até a obtenção da umidade ótima e posteriormente compactado mecanicamente.
C19: William Gomes Martins Maia
C20: CREA/MG Nº: 368.600-MG
C24: Prefeito Municipal de Inhapim-MG
C25: Sandro Adriano Oliveira Silva

Sheet BDI
A4: OBRA: MURO DE CONTENÇÃO - GABIÃO - DISTRITO DO TABAJARA
A5: LOCAL: DISTRITO DO TABAJARA
A6: MUNICIPIO: INHAPIM/MG - CEP: 35330-000
A7: DATA: | B7: ='Memória de Cálculo'!F5 -> 46260
B9: DETALHAMENTO DE BDI
B11: ITEM COMPONENTE DO BDI | D11: %
B12: Administração Central | C12: AC | D12: =H12*100 -> 4.67 | H12: 0.0467
B13: Seguro e Garantia | C13: SG | D13: =H13*100 -> 0.74 | H13: 0.0074
B14: Risco | C14: R | D14: =H14*100 -> 0.97 | H14: 0.0097
B15: Despesas Financeiras | C15: DF | D15: =H15*100 -> 1.05 | H15: 0.0105
B16: Lucro | C16: L | D16: =H16*100 -> 7.53 | H16: 0.0753
B17: Tibutos ( Impostos COFINS, 3% E PIS 0,65) | C17: CP | D17: =H17*100 -> 3.65 | H17: 0.0365
B18: Tributos (ISS, variável de acordo com o município) | C18: ISS | D18: =H18*100 -> 3.5 | H18: 0.035
B19: Tributos (Contribuição Previdenciária - 0% ou 4,5%, conforme Lei 12.844/2013 - Desoneração) | C19: CPRB | D19: =H19*100 -> 0 | H19: 0
A23: BDI = [((1+AC + DF+RE+GA)*(1+DF)*(1+L)) /(1-CP-ISS-CPRB)]-1
C25: BDI= | D25: =(((1+H12+H13+H14)*(1+H15)*(1+H16))/(1-H17-H18-H19))-1 -> 0.24492745
C28: BDI = | D28: 0.2676
C38: BDI = 26,76%
A41: ___________________________ William Gomes Martins Maia Engenheiro Civil Crea 368.600-MG
